 Dungeon Crawl Stone Soup version 0.28.0-1-gb440e238dd (webtiles) character file.

Game seed: 416623185206357319

99 fragbeetle the Ruffian (level 4, -3/35 HPs)
             Began as a Draconian Transmuter on Feb 25, 2022.
             Killed by divine providence
             ... invoked by an orc priest
              (12 damage)
             ... on level 4 of the Dungeon.
             The game lasted 00:02:40 (3058 turns).

fragbeetle the Ruffian (Draconian Transmuter)       Turns: 3058, Time: 00:02:41

Health: -3/35      AC:  5    Str: 14    XL:     4   Next: 45%
Magic:  6/7        EV: 12    Int: 13    God:
Gold:   123        SH:  0    Dex: 12    Spells: 6/7 levels left

rFire   . . .      SeeInvis .     - Unarmed
rCold   . . .      Faith    .   (no shield)
rNeg    . . .      Spirit   .   (armour unavailable)
rPois   .          Reflect  .   (helmet currently unavailable)
rElec   .          Harm     .   (no cloak)
rCorr   .          Rampage  .   (no gloves)
Will    .....                   (boots currently unavailable)
Stlth   +.........              (no amulet)
HPRegen 0.11/turn               (no ring)
MPRegen 0.10/turn               (no ring)

@: appendages (expiring)
A: horns 2, talons 2, AC +5, unfitting armour, cold-blooded
a: End Transformation


You were on level 4 of the Dungeon.
You had temporarily grown beastly horns and talons.
You visited 1 branch of the dungeon, and saw 4 of its levels.

You collected 123 gold pieces.

Inventory:

Wands
 h - a wand of iceblast (11)
Scrolls
 a - 5 scrolls of teleportation {unknown}
 d - 3 scrolls of magic mapping {unknown}
 e - a scroll of identify {unknown}
 g - a scroll of enchant weapon {unknown}
Potions
 b - a potion of attraction {unknown}
 c - a potion of heal wounds {unknown}
 f - a potion of curing {unknown}


   Skills:
 - Level 1.1 Fighting
 - Level 1.7 Dodging
 + Level 4.2 Unarmed Combat
 - Level 2.0 Spellcasting
 + Level 3.6 Transmutations


You had 6 spell levels left.
You knew the following spells:

 Your Spells              Type           Power      Damage    Failure   Level
a - Beastly Appendage     Tmut           20%        N/A       5%          1

Your spell library contained the following spells:

 Spells                   Type           Power      Damage    Failure   Level
 Wereblood                Tmut           10%        N/A       9%          2
 Spider Form              Tmut/Pois      6%         N/A       34%         3
 Ignite Poison            Fire/Tmut/Pois 4%         N/A       43%         3
 Conjure Flame            Conj/Fire      1%         6-21      58%         3
 Ozocubu's Armour         Ice            1%         N/A       58%         3
 Ice Form                 Ice/Tmut       6%         N/A       75%         4
 Sticky Flame             Conj/Fire      1%         2d3       94%         4
 Ozocubu's Refrigeration  Ice            0%         4d5       100%        7


Dungeon Overview and Level Annotations

Branches:
Dungeon (4/15)
 Temple: D:4-7

Altars:


Innate Abilities, Weirdness & Mutations

You have temporarily grown beastly horns and talons.
Your plain brown scales are hard. (AC +5)
You cannot fit into any form of body armour.
You are cold-blooded and may be slowed by cold attacks.


Message History

You hit the endoplasm. You claw the endoplasm.
You kill the endoplasm!
* * * LOW HITPOINT WARNING * * *
You feel sick.
You start resting.
Your horns disappear.
Your talons disappear.
* * * LOW HITPOINT WARNING * * *
You feel sick.
You start resting.
* * * LOW HITPOINT WARNING * * *
You feel sick.
You start resting.
* * * LOW HITPOINT WARNING * * *
You feel sick.
You are no longer poisoned.
You start resting.
An orc comes into view. It is wielding a +0 trident.
There is an open door here.
You start resting.
An orc priest comes into view. It is wielding a +0 club.
You grow a pair of large bovine horns.
Your feet morph into talons.
The orc priest calls down the wrath of Beogh upon you.
Pain shoots through your body!
An orc comes into view. It is wielding a +0 falchion.
The orc priest hits you with a +0 club.
* * * LOW HITPOINT WARNING * * *
The orc shouts!
You hit the orc priest. Your kick misses the orc priest.
Your headbutt misses the orc priest.
The orc priest is lightly wounded.
The orc priest hits you but does no damage.
You barely miss the orc priest.
The orc shouts!
You claw the orc priest, but do no damage.
You headbutt the orc priest.
The orc priest is heavily wounded.
Your transformation is almost over.
The orc priest calls down the wrath of Beogh upon you.
Beogh smites you!
You die...

##### ###### #...# #
#....# #...# #
#....####.o.#########
+....o(.'o..)........
#...@####...######...
#....# #...# #.##
#.#### #...# .... #.
##### #.##### # #


You could see an orc priest and 2 orcs.

Vanquished Creatures
  2 adders
  A worm (D:2)
  2 dart slugs
  An orc (D:4)
  4 endoplasms
  4 giant cockroaches
  6 hobgoblins
  8 jackals
  3 quokkas
  7 ball pythons
  7 bats
  2 frilled lizards
  8 goblins
  7 kobolds
  5 rats
67 creatures vanquished.

Notes
Turn   | Place    | Note
-------+----------+-------------------------------------------
     0 | D:1      | fragbeetle the Draconian Transmuter began the quest for the
                  | Orb.
     0 | D:1      | Reached XP level 1. HP: 16/16 MP: 3/3
   268 | D:1      | Reached XP level 2. HP: 22/23 MP: 3/5
   683 | D:1      | Found a faded altar of an unknown god.
  1186 | D:2      | Reached XP level 3. HP: 28/28 MP: 4/6
  1545 | D:2      | Reached skill level 4 in Unarmed Combat
  1921 | D:3      | Reached XP level 4. HP: 35/35 MP: 5/7
  2836 | D:4      | HP: 1/35 [poisoned by an adder]
  3058 | D:4      | Killed from afar by an orc priest

Illustrated notes

Levels and vault maps discovered:
D:1:      dpeg_arrival_yet_another_circle, layout_basic,
          ebering_ecumenical_altar_sacrificial, minivault_24,
          minmay_crystal_room
D:2:      layout_basic
D:3:      layout_loops_ring, dk_noncrumbling_2
D:4:      nicolae_cairo_tiling, layout_basic, mainiacjoe_overflow_alcove_4,
          roderic_roman_lattice

Skill      XL: |  1  2  3 |
---------------+----------+-----
Transmutations | 3 |  3.6
Unarmed Combat | 4 |  4.2
Fighting       | |  1.1
Dodging        | |  1.7
Spellcasting   | |  2.0

Action                   |  1- 3 |  4- 6 || total
-------------------------+-------+-------++-------
Melee: Unarmed           |   114 |    50 ||   164
       Headbutt          |    17 |     6 ||    23
       Kick              |    14 |     6 ||    20
       Tailslap          |    10 |     3 ||    13
       Punch             |     2 |     1 ||     3
 Cast: Beastly Appendage |    32 |    14 ||    46
Armor: Skin              |    36 |    18 ||    54
Dodge: Dodged            |    53 |    35 ||    88
